Hurricanes vs Penguins

Created - April 2, 2017 at 10:04

Goals
1 2 3 OT1 SO T
Hurricanes 0 2 1 0 1 4
Penguins 0 3 0 0 0 3
Shots
1 2 3 OT1 SO T
Hurricanes 7 4 12 0 4 23
Penguins 3 12 2 1 4 18

1st period

No Goal

Penalties :
David Savard (PIT) for Goalie Interference (Minor) at 6:10, Leo Komarov (CAR) for High sticking (Double Minor) at 15:43

2nd period

1. Hurricanes , Bryan Little 45 (Michael Frolik, Dustin Byfuglien) at 7:15 (PP)
2. Hurricanes , Brian Boyle 9 (Dustin Byfuglien) at 8:25 (SH)
3. Penguins , Daniel Paille 4 (Victor Hedman, Ryan Suter) at 11:22
4. Penguins , Mark Giordano 9 (Nathan MacKinnon, Jakub Voracek) at 11:45
5. Penguins , David Perron 15 (Phil Kessel, Alexander Wennberg) at 12:13

Penalties :
Ryan Callahan (PIT) for Roughing (Minor) at 1:26, Brian Strait (CAR) for Tripping (Minor) at 3:35, Alexander Wennberg (PIT) for Roughing (Minor) at 6:39, Brian Dumoulin (CAR) for Slashing (Minor) at 8:00, Ryan Suter (PIT) for High sticking (Minor) at 15:38

3rd period

6. Hurricanes , Leo Komarov 24 (Bryan Little, Lee Stempniak) at 13:51

Penalties :
David Savard (PIT) for Tripping (Minor) at 0:31, Dustin Byfuglien (CAR) for Hooking (Minor) at 0:39, Olli Maatta (PIT) for Hooking (Minor) at 5:24, Ryan Callahan (PIT) for Interference (Minor) at 9:12, Dustin Byfuglien (CAR) for Delaying the game (Minor) at 9:12, Carl Hagelin (CAR) for Holding (Minor) at 9:57, Ryan Callahan (PIT) for Slashing (Minor) at 16:09, Lee Stempniak (CAR) for Holding (Minor) at 19:49

Overtime #1

No Goal

Penalties :
No Penalty

Shootout

Penalty Shot by Lee Stempniak for Hurricanes - Shot Misses the Net
Penalty Shot by Nathan MacKinnon for Penguins - Stopped by Frederik Andersen
Penalty Shot by Bryan Little for Hurricanes - Stopped by Ben Bishop
Penalty Shot by Alexander Wennberg for Penguins - Stopped by Frederik Andersen
Penalty Shot by Leo Komarov for Hurricanes - Stopped by Ben Bishop
Penalty Shot by David Perron for Penguins - Shot Misses the Net
Penalty Shot by Michael Frolik for Hurricanes - Goal!
Penalty Shot by Brandon Saad for Penguins - Stopped by Frederik Andersen

Penalties :
No Penalty

Goalie Stats

Frederik Andersen (CAR), 15 saves from 18 shots - (0.833), W, 29-25-6, 65:00 minutes
Ben Bishop (PIT), 20 saves from 23 shots - (0.870), OTL, 26-28-9, 65:00 minutes

Players Stats for Hurricanes

Player Name              G  A  P  +/- PIM S  H  SB GA TA FO     MP     PP MP  PK MP  
------------------------------------------------------------------------------------
Alex Chiasson            0  0  0  -1  0   3  1  1  0  0  0/1    19:19   0:00   4:28 
Brad Richardson          0  0  0  -1  0   0  0  0  0  0  11/23  18:24   0:00   6:51 
Brian Boyle              1  0  1   0  0   1  3  0  0  0  4/11   11:31   0:00   4:05 
Brian Dumoulin           0  0  0   0  2   0  2  2  0  0  0/0    16:11   0:35   3:44 
Brian Strait             0  0  0  -1  2   0  1  1  0  0  0/0     6:30   0:00   1:00 
Bryan Little             1  1  2   0  0   5  0  0  0  0  20/27  19:04   5:21   0:00 
Carl Hagelin             0  0  0  -1  2   2  1  0  0  0  0/0    14:09   5:18   0:00 
Chris Kelly              0  0  0   0  0   1  0  0  0  0  3/10   10:32   0:00   1:57 
Dustin Byfuglien         0  2  2   1  4   1  2  4  0  0  0/0    25:53   5:49   5:39 
Jordan Oesterle          0  0  0   0  0   0  1  0  0  0  0/0    21:32   5:33   4:48 
Keith Yandle             0  0  0   0  0   1  0  1  0  0  0/0    19:32   3:31   0:00 
Kyle Quincey             0  0  0  -1  0   0  2  2  0  0  0/0    17:11   4:06   3:25 
Lee Stempniak            0  1  1   1  2   1  2  0  0  0  2/2    20:14   5:18   3:30 
Leo Komarov              1  0  1   0  4   3  0  0  0  0  3/6    17:02   5:18   0:00 
Marcus Foligno           0  0  0   0  0   0  0  0  0  0  0/0     7:37   0:00   0:12 
Michael Frolik           0  1  1  -1  0   1  0  0  0  0  2/3    18:56   5:21   0:00 
Nick Foligno             0  0  0  -1  0   3  4  0  0  0  1/2    17:16   5:21   0:00 
Ron Hainsey              0  0  0  -1  0   1  2  2  0  0  0/0    23:07   1:43   5:30 

Players Stats for Penguins

Player Name              G  A  P  +/- PIM S  H  SB GA TA FO     MP     PP MP  PK MP  
------------------------------------------------------------------------------------
Alexander Wennberg       0  1  1   0  2   1  0  0  0  0  11/25  20:02   5:01   0:00 
Brandon Saad             0  0  0   0  0   2  1  0  0  0  2/2    17:25   4:32   0:55 
Daniel Paille            1  0  1   1  0   2  0  0  0  0  0/0     8:23   0:00   3:36 
David Perron             1  0  1   0  0   2  5  0  0  0  0/0    17:05   5:01   0:00 
David Savard             0  0  0   0  4   0  2  0  0  0  0/0    22:08   4:49   3:52 
Jakub Voracek            0  1  1   0  0   1  1  0  0  0  1/2    18:55   3:59   0:00 
Luke Glendening          0  0  0   0  0   2  2  1  0  0  10/21  14:56   0:00   6:00 
Mark Barberio            0  0  0   1  0   0  0  1  0  0  0/0    17:56   0:43   1:07 
Mark Giordano            1  0  1   0  0   3  0  1  0  0  0/0    18:06   4:06   4:41 
Nathan MacKinnon         0  1  1   0  0   2  0  0  0  0  10/23  22:55   3:59   2:57 
Oliver Bjorkstrand       0  0  0   0  0   0  0  0  0  0  0/0     8:56   0:00   0:00 
Olli Maatta              0  0  0   1  2   0  5  3  0  0  0/0    15:57   0:00   0:19 
Pascal Dupuis            0  0  0   1  0   0  0  0  0  0  3/6    11:28   0:00   6:41 
Phil Kessel              0  1  1   0  0   2  0  0  0  0  1/4    20:33   4:28   0:00 
Ryan Callahan            0  0  0   0  6   0  1  0  0  0  1/2    10:35   0:00   1:42 
Ryan Carter              0  0  0   1  0   0  0  0  0  0  0/0     4:47   0:00   0:00 
Ryan Suter               0  1  1   0  2   1  0  0  0  0  0/0    26:37   4:11   4:10 
Victor Hedman            0  1  1   0  0   0  0  2  0  0  0/0    28:39   4:11   6:36 

3 Stars

1 - David Perron (PIT)
2 - Bryan Little (CAR)
3 - Brian Boyle (CAR)

Power Play

Hurricanes - 1 on 7 Attempt(s) - 14.29%
Penguins - 0 on 7 Attempt(s) - 0.00%

Penalty Kill

Hurricanes - 7 on 7 Attempt(s) - 100.00% - Score 1 goal in Penalty Kill
Penguins - 6 on 7 Attempt(s) - 85.71% - Score 0 goal in Penalty Kill

Team Stat

Hurricanes - Hits : 21 - Faceoff Wins : 46 - Blocked Shots : 13 - Penalty Minutes : 16
Penguins - Hits : 17 - Faceoff Wins : 39 - Blocked Shots : 8 - Penalty Minutes : 16

Official

Referees : Kyle Rehman and Greg Kimmerly
Linesman : Scott Cherrey and Steve Barton

Game Notes

Mark Giordano is injured at 6:42 of 3rd period (Bruised Left Leg)

Finance

Level 1 -- Attendance: 4932 (75.88%) -- Ticket Income $542,520
Level 2 -- Attendance: 4910 (98.20%) -- Ticket Income $368,250
Level 3 -- Attendance: 2830 (80.86%) -- Ticket Income $155,650
Level 4 -- Attendance: 1975 (82.74%) -- Ticket Income $82,950
Luxury Box -- Attendance: 957 (95.70%) -- Ticket Income $200,970
Game was played at the Consol Energy Center.
Total Attendance: 15604 (84.86%)
Total Ticket Income: $1,350,340
Other Income: $202,551
Total Income: $1,552,891

% Time on Ice - Hurricanes

Lines # - Real PCT - Wanted PCT - Time Play
Normal Forward
1 - 29% - 36% - 10:46
2 - 30% - 31% - 10:54
3 - 20% - 22% - 7:26
4 - 20% - 11% - 7:25
Normal Defense
1 - 37% - 38% - 13:24
2 - 26% - 30% - 9:40
3 - 26% - 21% - 9:25
4 - 11% - 11% - 4:02
PP Forward
1 - 50% - 56% - 5:21
2 - 50% - 44% - 5:18
PP Defense
1 - 62% - 58% - 6:33
2 - 38% - 42% - 4:06
PK Forward
1 - 59% - 54% - 5:20
2 - 41% - 46% - 3:40
PK Defense
1 - 47% - 57% - 4:12
2 - 53% - 43% - 4:48
PK3 Forward
1 - 50% - 53% - 1:31
2 - 50% - 47% - 1:32
PK3 Defense
1 - 73% - 57% - 2:13
2 - 27% - 43% - 0:50
44 Forward
1 - 55% - 55% - 1:26
2 - 45% - 45% - 1:10
44 Defense
1 - 43% - 57% - 1:07
2 - 57% - 43% - 1:29
Last Minute Offensive  - 0:00
Last Minute Defensive  - 0:00
Total
Forward - 61:49
Defense - 61:49

% Time on Ice - Penguins

Lines # - Real PCT - Wanted PCT - Time Play
Normal Forward
1 - 31% - 33% - 11:27
2 - 31% - 33% - 11:21
3 - 24% - 24% - 8:56
4 - 13% - 10% - 4:47
Normal Defense
1 - 32% - 40% - 11:39
2 - 31% - 35% - 11:20
3 - 35% - 25% - 12:36
4 - 3% - 0% - 0:56
PP Forward
1 - 56% - 60% - 5:01
2 - 44% - 40% - 3:59
PP Defense
1 - 46% - 60% - 4:11
2 - 54% - 40% - 4:49
PK Forward
1 - 69% - 60% - 7:21
2 - 31% - 40% - 3:18
PK Defense
1 - 63% - 60% - 6:40
2 - 37% - 40% - 3:59
PK3 Forward
1 - 0% - 60%
2 - 0% - 40%
PK3 Defense
1 - 0% - 60%
2 - 0% - 40%
44 Forward
1 - 63% - 60% - 3:33
2 - 37% - 40% - 2:06
44 Defense
1 - 49% - 60% - 2:46
2 - 51% - 40% - 2:53
Last Minute Offensive  - 0:00
Last Minute Defensive  - 0:00
Total
Forward - 61:49
Defense - 61:49

Play by Play

1st period


0:01 of 1st period - Bryan Little wins face-off versus Alexander Wennberg in neutral zone.
0:29 of 1st period - Off-side.
0:30 of 1st period - Brad Richardson wins face-off versus Jakub Voracek in neutral zone.
0:41 of 1st period - Brandon Saad is hit by Jordan Oesterle and loses puck.
0:52 of 1st period - Shot by Brad Richardson.
0:52 of 1st period - Shot Misses the Net.
1:53 of 1st period - Shot by Carl Hagelin.
1:53 of 1st period - Shot Hit the Post.
3:01 of 1st period - Luke Glendening is hit by Nick Foligno and loses puck.
3:11 of 1st period - Nick Foligno is hit by Olli Maatta and loses puck.
3:20 of 1st period - Shot by Nick Foligno.
3:20 of 1st period - Shot Blocked by Luke Glendening.
3:25 of 1st period - Nick Foligno is hit by Olli Maatta and loses puck.
3:36 of 1st period - Shot by Michael Frolik.
3:36 of 1st period - Shot Misses the Net.
3:52 of 1st period - Shot by Chris Kelly.
3:52 of 1st period - Shot Misses the Net.
4:40 of 1st period - Shot by Bryan Little.
4:40 of 1st period - Shot Misses the Net.
4:42 of 1st period - Shot by Lee Stempniak.
4:42 of 1st period - Shot Misses the Net.
4:46 of 1st period - Shot by Lee Stempniak.
4:46 of 1st period - Shot Misses the Net.
4:48 of 1st period - Shot by Bryan Little.
4:48 of 1st period - Stopped by Ben Bishop without a rebound.
4:49 of 1st period - Alexander Wennberg wins face-off versus Nick Foligno in Penguins zone.
5:48 of 1st period - Icing by Mark Giordano.
5:49 of 1st period - Brian Boyle wins face-off versus Pascal Dupuis in Penguins zone.
6:04 of 1st period - Pascal Dupuis is hit by Brian Boyle and loses puck.
6:10 of 1st period - Minor Penalty to David Savard for Goalie Interference.
6:11 of 1st period - Leo Komarov wins face-off versus Nathan MacKinnon in Penguins zone.
6:24 of 1st period - Shot by Leo Komarov.
6:24 of 1st period - Shot Misses the Net.
7:58 of 1st period - Shot by Ron Hainsey.
7:58 of 1st period - Shot Misses the Net.
8:16 of 1st period - Shot by Alex Chiasson.
8:16 of 1st period - Stopped by Ben Bishop without a rebound.
8:17 of 1st period - Chris Kelly wins face-off versus Alexander Wennberg in Penguins zone.
8:17 of 1st period - Chris Kelly is hit by David Savard.
8:23 of 1st period - Shot by Alex Chiasson.
8:23 of 1st period - Stopped by Ben Bishop without a rebound.
8:24 of 1st period - Chris Kelly wins face-off versus Alexander Wennberg in Penguins zone.
8:24 of 1st period - Chris Kelly is hit by David Savard.
8:54 of 1st period - Ron Hainsey is hit by David Perron and loses puck.
10:03 of 1st period - Shot by Nathan MacKinnon.
10:03 of 1st period - Shot Misses the Net.
10:36 of 1st period - Dustin Byfuglien is hit by Olli Maatta.
11:25 of 1st period - Lee Stempniak is hit by Olli Maatta and loses puck.
11:41 of 1st period - Icing by Brian Dumoulin.
11:42 of 1st period - Alexander Wennberg wins face-off versus Brian Boyle in Hurricanes zone.
13:03 of 1st period - Jakub Voracek is hit by Ron Hainsey and loses puck.
13:22 of 1st period - David Savard is hit by Brian Boyle and loses puck.
13:34 of 1st period - Icing by Brian Dumoulin.
13:35 of 1st period - Brian Boyle wins face-off versus Luke Glendening in Hurricanes zone.
14:41 of 1st period - Shot by Lee Stempniak.
14:41 of 1st period - Deflect By Leo Komarov.
14:41 of 1st period - Stopped by Ben Bishop without a rebound.
14:42 of 1st period - Pascal Dupuis wins face-off versus Brad Richardson in Penguins zone.
14:56 of 1st period - Icing by Jordan Oesterle.
14:57 of 1st period - Brad Richardson wins face-off versus Alexander Wennberg in Hurricanes zone.
15:20 of 1st period - Shot by Michael Frolik.
15:20 of 1st period - Shot Misses the Net.
15:22 of 1st period - Shot by Kyle Quincey.
15:22 of 1st period - Shot Misses the Net.
15:26 of 1st period - Shot by Nick Foligno.
15:26 of 1st period - Stopped by Ben Bishop without a rebound.
15:27 of 1st period - Bryan Little wins face-off versus Nathan MacKinnon in Penguins zone.
15:43 of 1st period - Double Minor Penalty to Leo Komarov for High sticking.
15:44 of 1st period - Alexander Wennberg wins face-off versus Brad Richardson in Hurricanes zone.
16:27 of 1st period - Shot by Phil Kessel.
16:27 of 1st period - Shot Misses the Net.
17:02 of 1st period - Off-side.
17:03 of 1st period - Brad Richardson wins face-off versus Nathan MacKinnon in neutral zone.
17:24 of 1st period - Shot by Nathan MacKinnon.
17:24 of 1st period - Shot Misses the Net.
17:26 of 1st period - Shot by Jakub Voracek.
17:26 of 1st period - Shot Blocked by Dustin Byfuglien.
17:32 of 1st period - Shot by Nathan MacKinnon.
17:32 of 1st period - Deflect By Jakub Voracek.
17:32 of 1st period - Shot Misses the Net.
17:58 of 1st period - Shot by Mark Giordano.
17:58 of 1st period - Stopped by Frederik Andersen without a rebound.
17:59 of 1st period - Alexander Wennberg wins face-off versus Brian Boyle in Hurricanes zone.
18:23 of 1st period - Shot by David Savard.
18:23 of 1st period - Shot Blocked by Kyle Quincey.
18:25 of 1st period - Shot by David Savard.
18:25 of 1st period - Shot Misses the Net.
18:27 of 1st period - Shot by Mark Giordano.
18:27 of 1st period - Shot Misses the Net.
18:50 of 1st period - Jakub Voracek is hit by Kyle Quincey.
19:16 of 1st period - Shot by Mark Giordano.
19:16 of 1st period - Stopped by Frederik Andersen without a rebound.
19:17 of 1st period - Brandon Saad wins face-off versus Alex Chiasson in Hurricanes zone.
19:24 of 1st period - Shot by Nathan MacKinnon.
19:24 of 1st period - Shot Blocked by Dustin Byfuglien.
19:26 of 1st period - Shot by Brandon Saad.
19:26 of 1st period - Shot Misses the Net.
19:28 of 1st period - Shot by Ryan Suter.
19:28 of 1st period - Stopped by Frederik Andersen without a rebound.
19:29 of 1st period - Alexander Wennberg wins face-off versus Brad Richardson in Hurricanes zone.
19:30 of 1st period - Shot by Mark Giordano.
19:30 of 1st period - Shot Misses the Net.
19:42 of 1st period - Shot by Brad Richardson.
19:42 of 1st period - Deflect By Alex Chiasson.
19:42 of 1st period - Stopped by Ben Bishop without a rebound.
19:43 of 1st period - Luke Glendening wins face-off versus Brian Boyle in Penguins zone.
19:43 of 1st period - Luke Glendening is hit by Brian Boyle.
19:51 of 1st period - Shot by Carl Hagelin.
19:51 of 1st period - Shot Blocked by Olli Maatta.
19:53 of 1st period - Shot by Carl Hagelin.
19:53 of 1st period - Stopped by Ben Bishop without a rebound.
19:54 of 1st period - Bryan Little wins face-off versus Pascal Dupuis in Penguins zone.
19:57 of 1st period - Shot by Lee Stempniak.
19:57 of 1st period - Shot Blocked by Victor Hedman.
Goals for this period are 0 for Hurricanes vs 0 for Penguins.
Shots for this period are 7 for Hurricanes vs 3 for Penguins.

2nd period


0:01 of 2nd period - Alexander Wennberg wins face-off versus Bryan Little in neutral zone.
0:23 of 2nd period - David Perron is hit by Dustin Byfuglien.
0:27 of 2nd period - Shot by Alexander Wennberg.
0:27 of 2nd period - Stopped by Frederik Andersen without a rebound.
0:28 of 2nd period - Brad Richardson wins face-off versus Nathan MacKinnon in Hurricanes zone.
0:28 of 2nd period - Brad Richardson is hit by Brandon Saad.
1:00 of 2nd period - Shot by Brandon Saad.
1:00 of 2nd period - Stopped by Frederik Andersen without a rebound.
1:01 of 2nd period - Bryan Little wins face-off versus Phil Kessel in Hurricanes zone.
1:13 of 2nd period - Off-side.
1:14 of 2nd period - Luke Glendening wins face-off versus Chris Kelly in neutral zone.
1:16 of 2nd period - Victor Hedman is hit by Brian Strait and loses puck.
1:26 of 2nd period - Minor Penalty to Ryan Callahan for Roughing.
1:27 of 2nd period - Bryan Little wins face-off versus Luke Glendening in Penguins zone.
2:24 of 2nd period - Icing by Leo Komarov.
2:25 of 2nd period - Leo Komarov wins face-off versus Luke Glendening in Hurricanes zone.
3:34 of 2nd period - Shot by David Perron.
3:34 of 2nd period - Shot Misses the Net.
3:35 of 2nd period - Minor Penalty to Brian Strait for Tripping.
3:36 of 2nd period - Brad Richardson wins face-off versus Alexander Wennberg in Hurricanes zone.
3:36 of 2nd period - Brad Richardson is hit by David Perron.
4:05 of 2nd period - Icing by Victor Hedman.
4:06 of 2nd period - Alexander Wennberg wins face-off versus Brad Richardson in Penguins zone.
4:22 of 2nd period - Icing by Victor Hedman.
4:23 of 2nd period - Phil Kessel wins face-off versus Brian Boyle in Penguins zone.
4:23 of 2nd period - Phil Kessel is hit by Lee Stempniak.
4:35 of 2nd period - Shot by Victor Hedman.
4:35 of 2nd period - Shot Misses the Net.
4:59 of 2nd period - Icing by Mark Giordano.
5:00 of 2nd period - Brad Richardson wins face-off versus Nathan MacKinnon in Penguins zone.
5:42 of 2nd period - Shot by Oliver Bjorkstrand.
5:42 of 2nd period - Shot Misses the Net.
5:44 of 2nd period - Shot by Ryan Callahan.
5:44 of 2nd period - Shot Blocked by Ron Hainsey.
5:51 of 2nd period - Luke Glendening is hit by Ron Hainsey.
6:14 of 2nd period - Bryan Little is hit by Olli Maatta and loses puck.
6:38 of 2nd period - Michael Frolik is hit by David Perron.
6:39 of 2nd period - Minor Penalty to Alexander Wennberg for Roughing.
6:40 of 2nd period - Bryan Little wins face-off versus Luke Glendening in Penguins zone.
7:15 of 2nd period - Shot by Michael Frolik.
7:15 of 2nd period - Deflect By Bryan Little.
7:15 of 2nd period - Goal by Bryan Little - Hurricanes : 1 - Penguins : 0.
7:16 of 2nd period - Alexander Wennberg wins face-off versus Brian Boyle in neutral zone.
7:21 of 2nd period - Shot by Phil Kessel.
7:21 of 2nd period - Shot Misses the Net.
7:26 of 2nd period - David Perron is hit by Brian Dumoulin and loses puck.
7:49 of 2nd period - Shot by David Perron.
7:49 of 2nd period - Stopped by Frederik Andersen with a rebound.
7:51 of 2nd period - Shot by Phil Kessel.
7:51 of 2nd period - Shot Blocked by Brian Dumoulin.
7:53 of 2nd period - Shot by David Perron.
7:53 of 2nd period - Shot Misses the Net.
8:00 of 2nd period - Minor Penalty to Brian Dumoulin for Slashing.
8:01 of 2nd period - Jakub Voracek wins face-off versus Brad Richardson in Hurricanes zone.
8:06 of 2nd period - Shot by Nathan MacKinnon.
8:06 of 2nd period - Stopped by Frederik Andersen without a rebound.
8:07 of 2nd period - Nathan MacKinnon wins face-off versus Brad Richardson in Hurricanes zone.
8:10 of 2nd period - Shot by Jakub Voracek.
8:10 of 2nd period - Shot Misses the Net.
8:25 of 2nd period - Shot by Brian Boyle.
8:25 of 2nd period - Goal by Brian Boyle - Hurricanes : 2 - Penguins : 0.
8:26 of 2nd period - Brad Richardson wins face-off versus Alexander Wennberg in neutral zone.
8:32 of 2nd period - Icing by Victor Hedman.
8:33 of 2nd period - Brad Richardson wins face-off versus Alexander Wennberg in Penguins zone.
9:49 of 2nd period - Brandon Saad is hit by Dustin Byfuglien and loses puck.
10:01 of 2nd period - Jakub Voracek is hit by Nick Foligno and loses puck.
10:32 of 2nd period - Shot by Luke Glendening.
10:32 of 2nd period - Shot Blocked by Dustin Byfuglien.
10:40 of 2nd period - Shot by Luke Glendening.
10:40 of 2nd period - Stopped by Frederik Andersen without a rebound.
10:41 of 2nd period - Pascal Dupuis wins face-off versus Bryan Little in Hurricanes zone.
11:22 of 2nd period - Shot by Daniel Paille.
11:22 of 2nd period - Goal by Daniel Paille - Hurricanes : 2 - Penguins : 1.
11:23 of 2nd period - Brandon Saad wins face-off versus Brian Boyle in neutral zone.
11:43 of 2nd period - Shot by Nathan MacKinnon.
11:43 of 2nd period - Shot Blocked by Alex Chiasson.
11:45 of 2nd period - Shot by Mark Giordano.
11:45 of 2nd period - Goal by Mark Giordano - Hurricanes : 2 - Penguins : 2.
11:46 of 2nd period - Alexander Wennberg wins face-off versus Brad Richardson in neutral zone.
11:49 of 2nd period - Shot by Phil Kessel.
11:49 of 2nd period - Shot Misses the Net.
11:59 of 2nd period - Shot by David Perron.
11:59 of 2nd period - Shot Misses the Net.
12:09 of 2nd period - Shot by Phil Kessel.
12:09 of 2nd period - Deflect By David Perron.
12:09 of 2nd period - Shot Misses the Net.
12:11 of 2nd period - Shot by David Perron.
12:11 of 2nd period - Shot Blocked by Dustin Byfuglien.
12:13 of 2nd period - Shot by David Perron.
12:13 of 2nd period - Goal by David Perron - Hurricanes : 2 - Penguins : 3.
12:14 of 2nd period - Nathan MacKinnon wins face-off versus Bryan Little in neutral zone.
12:25 of 2nd period - Icing by Ryan Suter.
12:26 of 2nd period - Nathan MacKinnon wins face-off versus Brian Boyle in Penguins zone.
14:17 of 2nd period - Shot by Luke Glendening.
14:17 of 2nd period - Stopped by Frederik Andersen without a rebound.
14:18 of 2nd period - Pascal Dupuis wins face-off versus Brad Richardson in Hurricanes zone.
14:45 of 2nd period - Shot by Brad Richardson.
14:45 of 2nd period - Shot Blocked by Olli Maatta.
14:59 of 2nd period - Shot by Nick Foligno.
14:59 of 2nd period - Stopped by Ben Bishop without a rebound.
15:00 of 2nd period - Nathan MacKinnon wins face-off versus Chris Kelly in Penguins zone.
15:15 of 2nd period - Shot by Jakub Voracek.
15:15 of 2nd period - Stopped by Frederik Andersen without a rebound.
15:16 of 2nd period - Bryan Little wins face-off versus Alexander Wennberg in Hurricanes zone.
15:23 of 2nd period - Shot by Bryan Little.
15:23 of 2nd period - Stopped by Ben Bishop without a rebound.
15:24 of 2nd period - Bryan Little wins face-off versus Nathan MacKinnon in Penguins zone.
15:38 of 2nd period - Minor Penalty to Ryan Suter for High sticking.
15:39 of 2nd period - Bryan Little wins face-off versus Luke Glendening in Penguins zone.
15:49 of 2nd period - Icing by Bryan Little.
15:50 of 2nd period - Bryan Little wins face-off versus Luke Glendening in Hurricanes zone.
16:13 of 2nd period - Shot by Dustin Byfuglien.
16:13 of 2nd period - Shot Misses the Net.
16:33 of 2nd period - Pascal Dupuis is hit by Nick Foligno and loses puck.
17:02 of 2nd period - Shot by Pascal Dupuis.
17:02 of 2nd period - Shot Blocked by Kyle Quincey.
17:26 of 2nd period - Shot by Lee Stempniak.
17:26 of 2nd period - Shot Hit the Post.
17:44 of 2nd period - Shot by Nathan MacKinnon.
17:44 of 2nd period - Shot Blocked by Brian Strait.
17:46 of 2nd period - Shot by Jakub Voracek.
17:46 of 2nd period - Shot Misses the Net.
17:52 of 2nd period - Shot by Nathan MacKinnon.
17:52 of 2nd period - Stopped by Frederik Andersen with a rebound.
17:54 of 2nd period - Shot by Brandon Saad.
17:54 of 2nd period - Stopped by Frederik Andersen without a rebound.
17:55 of 2nd period - Alexander Wennberg wins face-off versus Chris Kelly in Hurricanes zone.
18:08 of 2nd period - Shot by David Perron.
18:08 of 2nd period - Shot Misses the Net.
18:10 of 2nd period - Shot by David Perron.
18:10 of 2nd period - Shot Misses the Net.
18:31 of 2nd period - Shot by Phil Kessel.
18:31 of 2nd period - Shot Blocked by Brian Dumoulin.
18:38 of 2nd period - Alexander Wennberg is hit by Brian Dumoulin and loses puck.
18:46 of 2nd period - Icing by Brian Dumoulin.
18:47 of 2nd period - Nathan MacKinnon wins face-off versus Chris Kelly in Hurricanes zone.
19:27 of 2nd period - Icing by Alex Chiasson.
19:28 of 2nd period - Chris Kelly wins face-off versus Luke Glendening in Hurricanes zone.
19:28 of 2nd period - Chris Kelly is hit by Luke Glendening.
19:41 of 2nd period - Off-side.
19:42 of 2nd period - Alexander Wennberg wins face-off versus Bryan Little in neutral zone.
19:58 of 2nd period - Off-side.
19:59 of 2nd period - Brad Richardson wins face-off versus Nathan MacKinnon in neutral zone.
Goals for this period are 2 for Hurricanes vs 3 for Penguins.
Shots for this period are 4 for Hurricanes vs 12 for Penguins.

3rd period


0:01 of 3rd period - Lee Stempniak wins face-off versus Nathan MacKinnon in neutral zone.
0:10 of 3rd period - Shot by Leo Komarov.
0:10 of 3rd period - Stopped by Ben Bishop without a rebound.
0:11 of 3rd period - Michael Frolik wins face-off versus Alexander Wennberg in Penguins zone.
0:31 of 3rd period - Minor Penalty to David Savard for Tripping.
0:32 of 3rd period - Luke Glendening wins face-off versus Leo Komarov in Penguins zone.
0:39 of 3rd period - Minor Penalty to Dustin Byfuglien for Hooking.
0:40 of 3rd period - Bryan Little wins face-off versus Nathan MacKinnon in Hurricanes zone.
1:01 of 3rd period - Shot by Bryan Little.
1:01 of 3rd period - Shot Misses the Net.
1:03 of 3rd period - Shot by Bryan Little.
1:03 of 3rd period - Stopped by Ben Bishop without a rebound.
1:04 of 3rd period - Bryan Little wins face-off versus Nathan MacKinnon in Penguins zone.
2:32 of 3rd period - David Perron is hit by Alex Chiasson and loses puck.
2:50 of 3rd period - Icing by Luke Glendening.
2:51 of 3rd period - Luke Glendening wins face-off versus Chris Kelly in Penguins zone.
4:51 of 3rd period - Shot by Phil Kessel.
4:51 of 3rd period - Stopped by Frederik Andersen without a rebound.
4:52 of 3rd period - Bryan Little wins face-off versus Pascal Dupuis in Hurricanes zone.
4:59 of 3rd period - Shot by Kyle Quincey.
4:59 of 3rd period - Shot Misses the Net.
5:24 of 3rd period - Minor Penalty to Olli Maatta for Hooking.
5:25 of 3rd period - Luke Glendening wins face-off versus Bryan Little in Penguins zone.
5:47 of 3rd period - Icing by Bryan Little.
5:48 of 3rd period - Bryan Little wins face-off versus Luke Glendening in Hurricanes zone.
5:48 of 3rd period - Bryan Little is hit by Luke Glendening.
6:07 of 3rd period - Shot by Michael Frolik.
6:07 of 3rd period - Stopped by Ben Bishop without a rebound.
6:08 of 3rd period - Leo Komarov wins face-off versus Luke Glendening in Penguins zone.
6:09 of 3rd period - Shot by Lee Stempniak.
6:09 of 3rd period - Shot Misses the Net.
6:42 of 3rd period - Shot by Brian Dumoulin.
6:42 of 3rd period - Shot Blocked by Mark Giordano.
6:42 of 3rd period - Mark Giordano from Penguins is injured at 6:42 of 3rd period (Bruised Left Leg).
6:43 of 3rd period - Ryan Callahan wins face-off versus Michael Frolik in Penguins zone.
7:02 of 3rd period - Shot by Nick Foligno.
7:02 of 3rd period - Deflect By Michael Frolik.
7:02 of 3rd period - Shot Misses the Net.
7:04 of 3rd period - Shot by Jordan Oesterle.
7:04 of 3rd period - Shot Blocked by Victor Hedman.
7:06 of 3rd period - Shot by Nick Foligno.
7:06 of 3rd period - Stopped by Ben Bishop without a rebound.
7:07 of 3rd period - Lee Stempniak wins face-off versus Ryan Callahan in Penguins zone.
7:08 of 3rd period - Shot by Leo Komarov.
7:08 of 3rd period - Deflect By Carl Hagelin.
7:08 of 3rd period - Stopped by Ben Bishop with a rebound.
7:10 of 3rd period - Shot by Keith Yandle.
7:10 of 3rd period - Stopped by Ben Bishop with a rebound.
7:12 of 3rd period - Shot by Lee Stempniak.
7:12 of 3rd period - Shot Misses the Net.
7:14 of 3rd period - Shot by Leo Komarov.
7:14 of 3rd period - Shot Misses the Net.
7:16 of 3rd period - Shot by Lee Stempniak.
7:16 of 3rd period - Stopped by Ben Bishop without a rebound.
7:17 of 3rd period - Luke Glendening wins face-off versus Bryan Little in Penguins zone.
7:57 of 3rd period - David Savard is hit by Carl Hagelin and loses puck.
8:13 of 3rd period - Icing by Ron Hainsey.
8:14 of 3rd period - Brian Boyle wins face-off versus Alexander Wennberg in Hurricanes zone.
8:14 of 3rd period - Brian Boyle is hit by David Perron.
8:40 of 3rd period - Off-side.
8:41 of 3rd period - Luke Glendening wins face-off versus Bryan Little in neutral zone.
8:56 of 3rd period - Keith Yandle is hit by Ryan Callahan and loses puck.
9:12 of 3rd period - Minor Penalty to Ryan Callahan for Interference.
9:12 of 3rd period - Minor Penalty to Dustin Byfuglien for Delaying the game.
9:13 of 3rd period - Nathan MacKinnon wins face-off versus Chris Kelly in Hurricanes zone.
9:48 of 3rd period - Icing by Ryan Suter.
9:49 of 3rd period - Bryan Little wins face-off versus Nathan MacKinnon in Penguins zone.
9:57 of 3rd period - Minor Penalty to Carl Hagelin for Holding.
9:58 of 3rd period - Brad Richardson wins face-off versus Nathan MacKinnon in Hurricanes zone.
11:08 of 3rd period - Shot by Alexander Wennberg.
11:08 of 3rd period - Shot Blocked by Ron Hainsey.
11:10 of 3rd period - Shot by Alexander Wennberg.
11:10 of 3rd period - Shot Misses the Net.
12:04 of 3rd period - Olli Maatta is hit by Lee Stempniak and loses puck.
13:09 of 3rd period - Shot by David Savard.
13:09 of 3rd period - Shot Misses the Net.
13:15 of 3rd period - Shot by Daniel Paille.
13:15 of 3rd period - Stopped by Frederik Andersen without a rebound.
13:16 of 3rd period - Nathan MacKinnon wins face-off versus Brad Richardson in Hurricanes zone.
13:37 of 3rd period - Brian Dumoulin is hit by Jakub Voracek and loses puck.
13:45 of 3rd period - Off-side.
13:46 of 3rd period - Bryan Little wins face-off versus Phil Kessel in neutral zone.
13:51 of 3rd period - Shot by Leo Komarov.
13:51 of 3rd period - Goal by Leo Komarov - Hurricanes : 3 - Penguins : 3.
13:52 of 3rd period - Bryan Little wins face-off versus Phil Kessel in neutral zone.
13:52 of 3rd period - Jordan Oesterle is hit by David Perron and loses puck.
13:56 of 3rd period - Off-side.
13:57 of 3rd period - Bryan Little wins face-off versus Alexander Wennberg in neutral zone.
14:06 of 3rd period - Icing by Brian Dumoulin.
14:07 of 3rd period - Bryan Little wins face-off versus Nathan MacKinnon in Hurricanes zone.
14:24 of 3rd period - Shot by Leo Komarov.
14:24 of 3rd period - Shot Misses the Net.
15:04 of 3rd period - Icing by Jakub Voracek.
15:05 of 3rd period - Nathan MacKinnon wins face-off versus Brad Richardson in Penguins zone.
15:05 of 3rd period - Mark Barberio is hit by Nick Foligno and loses puck.
15:20 of 3rd period - Shot by Nick Foligno.
15:20 of 3rd period - Deflect By Michael Frolik.
15:20 of 3rd period - Shot Misses the Net.
16:00 of 3rd period - Phil Kessel is hit by Kyle Quincey and loses puck.
16:08 of 3rd period - Icing by Kyle Quincey.
16:09 of 3rd period - Michael Frolik wins face-off versus Luke Glendening in Hurricanes zone.
16:09 of 3rd period - Minor Penalty to Ryan Callahan for Slashing.
16:10 of 3rd period - Luke Glendening wins face-off versus Leo Komarov in Penguins zone.
16:31 of 3rd period - Shot by Ron Hainsey.
16:31 of 3rd period - Shot Misses the Net.
16:33 of 3rd period - Shot by Ron Hainsey.
16:33 of 3rd period - Shot Misses the Net.
16:35 of 3rd period - Shot by Dustin Byfuglien.
16:35 of 3rd period - Stopped by Ben Bishop without a rebound.
16:36 of 3rd period - Bryan Little wins face-off versus Luke Glendening in Penguins zone.
16:52 of 3rd period - Shot by Nick Foligno.
16:52 of 3rd period - Deflect By Bryan Little.
16:52 of 3rd period - Stopped by Ben Bishop without a rebound.
16:53 of 3rd period - Luke Glendening wins face-off versus Leo Komarov in Penguins zone.
18:22 of 3rd period - Shot by Marcus Foligno.
18:22 of 3rd period - Shot Blocked by Olli Maatta.
18:24 of 3rd period - Shot by Ron Hainsey.
18:24 of 3rd period - Stopped by Ben Bishop without a rebound.
18:25 of 3rd period - Nathan MacKinnon wins face-off versus Chris Kelly in Penguins zone.
18:34 of 3rd period - Shot by Chris Kelly.
18:34 of 3rd period - Shot Misses the Net.
18:36 of 3rd period - Shot by Chris Kelly.
18:36 of 3rd period - Stopped by Ben Bishop without a rebound.
18:37 of 3rd period - Nick Foligno wins face-off versus Alexander Wennberg in Penguins zone.
18:53 of 3rd period - Icing by Keith Yandle.
18:54 of 3rd period - Luke Glendening wins face-off versus Brad Richardson in Hurricanes zone.
19:49 of 3rd period - Minor Penalty to Lee Stempniak for Holding.
19:50 of 3rd period - Brian Boyle wins face-off versus Alexander Wennberg in Hurricanes zone.
Goals for this period are 1 for Hurricanes vs 0 for Penguins.
Shots for this period are 12 for Hurricanes vs 2 for Penguins.

Overtime #1


0:01 of 1st overtime period - Nathan MacKinnon wins face-off versus Brad Richardson in neutral zone.
1:54 of 1st overtime period - Shot by Brandon Saad.
1:54 of 1st overtime period - Deflect By David Perron.
1:54 of 1st overtime period - Shot Blocked by Keith Yandle.
2:57 of 1st overtime period - Shot by Phil Kessel.
2:57 of 1st overtime period - Stopped by Frederik Andersen without a rebound.
2:58 of 1st overtime period - Brad Richardson wins face-off versus Alexander Wennberg in Hurricanes zone.
3:05 of 1st overtime period - Shot by Leo Komarov.
3:05 of 1st overtime period - Shot Blocked by Mark Barberio.
3:07 of 1st overtime period - Shot by Brad Richardson.
3:07 of 1st overtime period - Shot Misses the Net.
3:32 of 1st overtime period - Shot by Brad Richardson.
3:32 of 1st overtime period - Shot Misses the Net.
3:47 of 1st overtime period - Shot by Bryan Little.
3:47 of 1st overtime period - Deflect By Michael Frolik.
3:47 of 1st overtime period - Shot Misses the Net.
4:14 of 1st overtime period - Shot by Michael Frolik.
4:14 of 1st overtime period - Shot Misses the Net.
Goals for this period are 0 for Hurricanes vs 0 for Penguins.
Shots for this period are 0 for Hurricanes vs 1 for Penguins.

ShootOut


5:00 of 1st overtime period - Penalty Shot by Lee Stempniak for Hurricanes.
5:00 of 1st overtime period - Shot Misses the Net.
5:00 of 1st overtime period - Penalty Shot by Nathan MacKinnon for Penguins.
5:00 of 1st overtime period - Stopped by Frederik Andersen.
5:00 of 1st overtime period - Penalty Shot by Bryan Little for Hurricanes.
5:00 of 1st overtime period - Stopped by Ben Bishop.
5:00 of 1st overtime period - Penalty Shot by Alexander Wennberg for Penguins.
5:00 of 1st overtime period - Stopped by Frederik Andersen.
5:00 of 1st overtime period - Penalty Shot by Leo Komarov for Hurricanes.
5:00 of 1st overtime period - Stopped by Ben Bishop.
5:00 of 1st overtime period - Penalty Shot by David Perron for Penguins.
5:00 of 1st overtime period - Shot Misses the Net.
5:00 of 1st overtime period - Penalty Shot by Michael Frolik for Hurricanes.
5:00 of 1st overtime period - Goal by Michael Frolik.
5:00 of 1st overtime period - Penalty Shot by Brandon Saad for Penguins.
5:00 of 1st overtime period - Stopped by Frederik Andersen.